 Dungeon Sprint DCSS version 0.20-a0-1122-gb7cbeb9 (webtiles) character file.

28 potatolord6000 the Skirmisher (level 3, -14/63 HPs)
             Began as an Ogre Hunter on May 11, 2017.
             Demolished by a water elemental (19 damage)
             ... in the Dungeon (Sprint III: "The Ten Rune Challenge").
             The game lasted 00:01:54 (206 turns).

potatolord6000 the Skirmisher (Ogre Hunter)          Turns: 206, Time: 00:01:55

Health: -14/63     AC:  5    Str: 20 (22) XL:     3   Next: 14%
Magic:  3/3        EV: 10    Int: 11 (12) God:
Gold:   24         SH:  0    Dex:  6 (9)  Spells: 2/2 levels left

rFire    . . .     SeeInvis .   a - +0 short sword
rCold    . . .     Gourm    .   (no shield)
rNeg     . . .     Faith    .   b - +0 robe
rPois    .         Spirit   .   (helmet restricted)
rElec    .         Reflect  .   (no cloak)
rCorr    .         Harm     .   (gloves unavailable)
MR       .....     NoTele   +   (boots unavailable)
Stlth    ..........             (no amulet)
Regen    0.2/turn               (no ring)
MPRegen  0.1/turn               (no ring)

@: berserking, engulfed (cannot breathe), flying, hasted, very quick
A: unfitting armour, antennae 1, slimy green scales 1, mutation resistance 1,
tough skin 1
a: no special abilities


You were in the Dungeon.
You were not hungry.

You visited 1 branch You collected 24 gold pieces.

Inventory:

Hand Weapons
 a - a +0 short sword (weapon)
Missiles
 c - 5 large rocks (quivered)
Armour
 b - a +0 robe (worn)
Scrolls
 k - a scroll of blinking
 o - 2 scrolls of remove curse {unknown}
 r - a scroll of immolation {unknown}
 s - 2 scrolls of amnesia {unknown}
Potions
 e - a potion of curing
 i - 2 potions of magic
Comestibles
 d - 4 fruits
 f - a bread ration
 p - a meat ration
 t - a royal jelly


   Skills:
 + Level 5.2 Fighting
 + Level 5.2 Throwing
 + Level 3.6 Dodging
 - Level 0.6 Stealth


You had 2 spell levels left.
You didn't know any spells.

Dungeon Overview and Level Annotations

Branches:
Dungeon (1/1)

Altars:


Innate Abilities, Weirdness & Mutations

You are too large for most types of armour.
You have tough skin. (AC +1)
You have a pair of small antennae on your head.
You are partially covered in slimy green scales. (AC +2)
You are somewhat resistant to further mutation.


Message History

The water elemental hits you.
You hit the water elemental.
The water elemental is moderately damaged.
Your lungs strain for air!
The water elemental hits you.
You hit the water elemental.
The water elemental is heavily damaged.
* * * LOW HITPOINT WARNING * * *
Your lungs strain for air!
A red film seems to cover your vision as you go berserk!
You feel yourself moving faster!
You feel mighty!
* * * LOW HITPOINT WARNING * * *
Your lungs strain for air!
The water elemental barely misses you.
You puncture the water elemental!
The water elemental is almost destroyed.
* * * LOW HITPOINT WARNING * * *
Your lungs strain for air!
The water elemental hits you!!
You die...

▓▓▓▓▓▓▓▓ ▓▓▓ <..#...####
##.# ...#......#####..#
..##.......#..#..#
##.##.##...#..#..# #+#+#
##.##.###..##'#..#......
#.####.##..###..@E.⌠....
.###..##..####...#...###
#.....##..###....# ⌠.#
###..##†..##.....# .#
##..##....#......# #
#..###..##.#.....# #..#
#..#####....# ▓▓▓▓ ▓▓▓▓
▓▓▓▓▓▓


You could see a water elemental.

Vanquished Creatures
  A human (D)
  An ooze (D)
  A phantom (D)
  3 rats (D)
6 creatures vanquished.

Vanquished Creatures (others)
  A draconian scorcher (D)
  4 hellions (D)
  A yaktaur (D)
  A plant (D)
7 creatures vanquished.

Grand Total: 13 creatures vanquished

Notes
Turn   | Place    | Note
-------+----------+-------------------------------------------
     0 | D        | potatolord6000 the Ogre Hunter began the quest for the Orb.
     0 | D        | Reached XP level 1. HP: 22/22 MP: 1/1
    40 | D        | Killed a yaktaur
    51 | D        | Reached XP level 2. HP: 24/32 MP: 2/2
    99 | D        | Reached skill level 5 in Fighting
    99 | D        | Reached skill level 5 in Throwing
    99 | D        | Reached XP level 3. HP: 28/42 MP: 3/3
   119 | D        | Killed a hellion
   127 | D        | Gained mutation: You expend magic power (3 MP) to strengthen your wands. [potion of mutation]
   127 | D        | Gained mutation: You have a pair of small horns on your head. [potion of mutation]
   127 | D        | Gained mutation: Your flesh is heat resistant. (rF+) [potion of mutation]
   127 | D        | Gained mutation: You are agile. (Dex +2) [potion of mutation]
   128 | D        | Lost mutation: You have a pair of small horns on your head. [potion of mutation]
   128 | D        | Lost mutation: You are agile. (Dex +2) [potion of mutation]
   128 | D        | Lost mutation: You expend magic power (3 MP) to strengthen your wands. [potion of mutation]
   128 | D        | Lost mutation: Your flesh is heat resistant. (rF+) [potion of mutation]
   128 | D        | Gained mutation: You are frail. (-10% HP) [potion of mutation]
   128 | D        | Gained mutation: You are resistant to hostile enchantments. (MR+) [potion of mutation]
   129 | D        | Lost mutation: You are frail. (-10% HP) [potion of mutation]
   129 | D        | Lost mutation: You are resistant to hostile enchantments. (MR+) [potion of mutation]
   129 | D        | Gained mutation: You can translocate small distances at will. [potion of mutation]
   129 | D        | Gained mutation: You have a pair of small horns on your head. [potion of mutation]
   130 | D        | Lost mutation: You have a pair of small horns on your head. [potion of mutation]
   130 | D        | Lost mutation: You can translocate small distances at will. [potion of mutation]
   130 | D        | Gained mutation: You are partially covered in slimy green scales. (AC +2) [potion of mutation]
   130 | D        | Gained mutation: You are dopey. (Int -2) [potion of mutation]
   130 | D        | Gained mutation: Your movements are slightly less encumbered by armour. (ER -2) [potion of mutation]
   130 | D        | Killed a hellion
   130 | D        | Killed a hellion
   131 | D        | Lost mutation: You are dopey. (Int -2) [potion of mutation]
   131 | D        | Lost mutation: Your movements are slightly less encumbered by armour. (ER -2) [potion of mutation]
   131 | D        | Gained mutation: Scrolls take you a little longer to read. [potion of mutation]
   131 | D        | Gained mutation: You have sharp toenails. [potion of mutation]
   131 | D        | Gained mutation: Armour fits poorly on your strangely shaped body. [potion of mutation]
   131 | D        | Gained mutation: You are somewhat resistant to further mutation. [potion of mutation]
   131 | D        | Killed a hellion
   132 | D        | Lost mutation: Scrolls take you a little longer to read. [potion of mutation]
   132 | D        | Lost mutation: Armour fits poorly on your strangely shaped body. [potion of mutation]
   132 | D        | Lost mutation: You have sharp toenails. [potion of mutation]
   132 | D        | Gained mutation: You have a pair of small antennae on your head. [potion of mutation]
   169 | D        | Killed a white draconian scorcher
   196 | D        | Noticed a water elemental
   206 | D        | Demolished by a water elemental

Vault maps used:
D:        dungeon_sprint_mu

Skill      XL: |  1  2 |
---------------+-------+-----
Fighting       | 3 5 |  5.2
Dodging        | 2 3 |  3.6
Throwing       | 5 |  5.2
Stealth        | |  0.6

Action                   || total
-------------------------++-------
Melee: Short sword       ||    16
Throw: Large rock        ||     5
  Use: Potion            ||    11
       Scroll            ||     2
Armor: Robe              ||     5
Dodge: Dodged            ||     7
